 Dungeon Crawl Stone Soup version 0.21.1-1-g345015f (webtiles) character file.

2017 keltmir the Cleaver (level 9, -12/81 HPs)
             Began as a Hill Orc Fighter on Apr 7, 2018.
             Killed from afar by an electric eel (13 damage)
             ... with a bolt of electricity
             ... on level 5 of the Dungeon.
             The game lasted 00:14:58 (5860 turns).

keltmir the Cleaver (Hill Orc Fighter)              Turns: 5860, Time: 00:14:59

Health: -12/81     AC: 11    Str: 22      XL:     9   Next: 23%
Magic:  9/9        EV:  9    Int:  8      God:
Gold:   146        SH:  9    Dex:  9 (10) Spells: 8/8 levels left

rFire    . . .     SeeInvis .   l - +0 hand axe (elec)
rCold    + . .     Gourm    .   c - +0 shield
rNeg     . . .     Faith    .   b - +1 scale mail
rPois    .         Spirit   .   t - +0 helmet
rElec    .         Reflect  .   (no cloak)
rCorr    .         Harm     +   h - +0 pair of gloves
MR       .....                  (no boots)
Stlth    ..........             z - amulet of harm
HPRegen  0.23/turn              r - +2 ring of evasion
MPRegen  0.11/turn              B - ring of protection from cold

@: no status effects
A: no striking features
a: no special abilities


You were on level 5 of the Dungeon.
You were hungry.

You visited 1 branch of the dungeon, and saw 6 of its levels.

You collected 276 gold pieces.
You spent 130 gold pieces at shops.

Inventory:

Hand Weapons
 l - a +0 hand axe of electrocution (weapon)
 y - the +2 falchion "Wats" {slice, Str+5}
   (You found it on level 4 of the Dungeon)

   It inflicts extra damage upon your enemies.
   It affects your strength (+5).
Missiles
 o - 7 poisoned javelins (quivered)
Armour
 b - a +1 scale mail (worn)
 c - a +0 shield (worn)
 h - a +0 pair of gloves (worn)
 t - a +0 helmet (worn)
Jewellery
 g - an uncursed amulet of magic regeneration
 r - a +2 ring of evasion (left hand)
 z - an amulet of harm (around neck)
 B - a ring of protection from cold (right hand)
Wands
 a - a wand of clouds (4)
 v - a wand of acid (8)
 G - a wand of flame (75)
 H - a wand of paralysis (5)
Scrolls
 d - a scroll of amnesia {unknown}
 i - 2 scrolls of remove curse
 j - a scroll of immolation
 p - a scroll of teleportation
 q - a scroll of noise {unknown}
 s - 2 scrolls of enchant weapon {unknown}
 u - 2 scrolls of enchant armour
 A - 4 scrolls of identify
 C - a scroll of random uselessness {unknown}
Potions
 e - a potion of brilliance
 k - a potion of agility
 m - a potion of flight
 n - a potion of curing
 w - 2 potions of degeneration {unknown}
 x - 4 potions of mutation {unknown}
 D - a potion of haste
 E - 2 potions of cancellation {unknown}
 F - a potion of lignification {unknown}
 I - 3 potions of magic {unknown}
 J - a potion of heal wounds
Comestibles
 f - 10 rations


   Skills:
 + Level 7.9 Fighting
 * Level 11.0 Axes
 + Level 7.3 Armour
 - Level 3.2 Shields


You had 8 spell levels left.
You didn't know any spells.

Dungeon Overview and Level Annotations

Branches:
Dungeon (6/15)
 Temple: D:4-7

Altars:
Wu Jian
Xom

Shops:
D:5 }*![:


Message History

Lightning courses through the plant! You closely miss the electric eel.
The electric eel shoots out a bolt of lightning at you!
The bolt of electricity misses you.
You hit the electric eel.
The electric eel is heavily wounded.
You hit the plant but do no damage. Lightning courses through the plant!
You hit the plant. You barely miss the electric eel.
You are feeling hungry.
The electric eel shoots out a bolt of lightning at you!
The bolt of electricity hits you!
The bolt of electricity hits the plant. x2
The bolt of electricity hits you!
* * * LOW HITPOINT WARNING * * *
The electric eel shoots out a bolt of lightning at you!
The bolt of electricity hits you!
* * * LOW HITPOINT WARNING * * *
The electric eel shoots out a bolt of lightning at you!
The bolt of electricity hits you!
* * * LOW HITPOINT WARNING * * *
The bolt of electricity hits you!
You die...

.#
##..###########....###..#..
.# ##.###..≈≈≈##.....##..###.
.# #####≈≈.####≈##....##.##
#. .#
*#...≈≈##'..##.#....#..# #.
## **#..#####.....#.#......##
## #
#.##*+,,*#.....#.#.....## # #
##..#,,,,,#PP.≈P#≈#......# #
#...#.....#.;.P|#≈#....#.##
###...#P..≈P#≈.;@(#≈#.>..#..#
#....#[..P[#≈;.≈≈#≈#######.##
#....#≈≈.(.##≈≈≈##≈# #..#
##....#≈≈%≈≈######.## ##.##
#.....##;;≈##≈....## #..#
#......#####≈###### ##.##
#......'...≈##..# ##(#
#......######...# #.##
###.........(...# ##.#


You could see 3 electric eels.

Vanquished Creatures
  The ghost of vatarom the Skirmisher, a novice GnWn (D:4)
  Duvessa (D:4)
  3 ice beasts
  A hornet zombie (D:6)
  An ogre (D:4)
  A centaur (D:5)
  2 bullfrogs (D:6)
  Dowan (D:4)
  A howler monkey (D:6)
  3 crimson imps
  A centaur zombie (D:6)
  A hound (D:6)
  A quasit (D:5)
  6 orc wizards
  4 orc priests
  2 centaur skeletons
  An iguana (D:5)
  4 worker ants
  2 hound skeletons
  A worker ant zombie (D:6)
  5 adders
  A shadow imp (D:4)
  An ooze (D:1)
  An adder skeleton (D:6)
  2 worms
  2 dart slugs (D:3)
  A leopard gecko (D:4)
  11 orcs
  A ball python (D:1)
  4 giant cockroaches
  6 goblins
  6 hobgoblins
  10 jackals
  3 quokkas
  11 bats
  2 frilled lizards
  A jackal zombie (D:5)
  3 kobolds
  A leopard gecko zombie (D:5)
  A quokka zombie (D:6)
  8 rats
119 creatures vanquished.

Notes
Turn   | Place    | Note
-------+----------+-------------------------------------------
     0 | D:1      | keltmir the Hill Orc Fighter began the quest for the Orb.
     0 | D:1      | Reached XP level 1. HP: 19/19 MP: 1/1
    67 | D:1      | Reached skill level 3 in Axes
    67 | D:1      | Reached XP level 2. HP: 27/27 MP: 2/2
   668 | D:2      | Reached XP level 3. HP: 33/33 MP: 3/3
   707 | D:2      | Reached skill level 4 in Axes
   708 | D:2      | Reached XP level 4. HP: 37/40 MP: 4/4
   749 | D:2      | Found an ornate altar of the Wu Jian Council.
  1537 | D:3      | Reached skill level 5 in Axes
  1630 | D:3      | Reached XP level 5. HP: 47/47 MP: 5/5
  1980 | D:3      | Reached XP level 6. HP: 53/55 MP: 6/6
  2131 | D:3      | Reached skill level 5 in Fighting
  2339 | D:4      | Reached skill level 6 in Axes
  2602 | D:4      | Noticed vatarom's ghost (novice GnWn)
  2615 | D:4      | Killed vatarom's ghost
  2615 | D:4      | Reached skill level 7 in Axes
  2615 | D:4      | Reached skill level 5 in Armour
  2615 | D:4      | Reached XP level 7. HP: 55/62 MP: 7/7
  2619 | D:4      | Got a pitted falchion
  2620 | D:4      | Identified the +2 falchion "Wats" {slice, Str+5} (You found it on level 4 of the Dungeon)
  2639 | D:4      | Noticed Duvessa
  2639 | D:4      | Noticed Dowan
  2656 | D:4      | Killed Duvessa
  2656 | D:4      | Reached skill level 8 in Axes
  2660 | D:4      | Killed Dowan
  3145 | D:5      | Entered Level 5 of the Dungeon
  3153 | D:5      | Found Duilu's Armour Shop.
  3166 | D:5      | Reached XP level 8. HP: 61/71 MP: 8/8
  3192 | D:5      | Found Uchenyce's Distillery.
  3195 | D:5      | Bought a potion of haste for 100 gold pieces
  3195 | D:5      | Bought a potion of curing for 30 gold pieces
  3213 | D:5      | Found Kociokog's General Store.
  3226 | D:5      | Found Juutoam's Gadget Shoppe.
  3290 | D:5      | Found a basalt altar of Yredelemnul.
  3292 | D:5      | Found a shadowy altar of Dithmenos.
  3292 | D:5      | Found a shimmering altar of Xom.
  3294 | D:5      | Found an opulent altar of Gozag.
  3294 | D:5      | Found an opulent altar of Gozag.
  3294 | D:5      | Found a shadowy altar of Dithmenos.
  3421 | D:5      | Found Sioxtihi's Book Emporium.
  3775 | D:6      | Reached skill level 9 in Axes
  4066 | D:6      | HP: 1/73 [something (3)]
  4407 | D:6      | Reached skill level 10 in Axes
  4520 | D:6      | HP: 1/73 [hornet zombie (11)]
  4528 | D:6      | HP: 3/73 [hornet zombie (9)]
  4535 | D:6      | Reached XP level 9. HP: 5/79 MP: 9/9
  5848 | D:5      | Reached skill level 11 in Axes
  5860 | D:5      | HP: 1/81 [electric eel/bolt of electricity (18)]
  5860 | D:5      | Killed from afar by an electric eel

Skill      XL: |  1  2  3  4  5  6  7  8  9 |
---------------+----------------------------+-----
Axes           | 3 4 5 7 8 10 11 | 11.0
Fighting       | 4 5 6 7 |  7.9
Armour         | 4 5 6 7 |  7.3
Shields        | |  3.2

Action                   |  1- 3 |  4- 6 |  7- 9 || total
-------------------------+-------+-------+-------++-------
Melee: War axe           |    51 |   144 |       ||   195
       Falchion          |       |       |   207 ||   207
       Hand axe          |       |       |    52 ||    52
  Use: Scroll            |     3 |     3 |     4 ||    10
       Potion            |       |     1 |     5 ||     6
  Eat: Chunk             |       |     6 |    10 ||    16
Armor: Scale mail        |    23 |    62 |   135 ||   220
Dodge: Dodged            |    11 |    54 |    76 ||   141
Block: Shield            |    26 |    75 |   141 ||   242
       Rpst.: Falchion   |       |       |    16 ||    16
